 Dungeon Crawl Stone Soup version 0.17-a0-854-g4a4ba72 (webtiles) character file.

39 esc the Conjurer (level 3, -1/16 HPs)
             Began as a Spriggan Conjurer on Apr 28, 2015.
             Killed from afar by Ijyb (7 damage)
             ... with a wand of frost
             ... on level 2 of the Dungeon.
             The game lasted 00:04:08 (1140 turns).

esc the Conjurer (Spriggan Conjurer)                Turns: 1140, Time: 00:04:08

Health: -1/16      AC:  2    Str:  4    XL:     3   Next: 26%
Magic:  2/8        EV: 18    Int: 17    God:
Gold:   94         SH:  0    Dex: 16    Spells: 1 memorised, 6 levels left

rFire  . . .     SeeInvis +     i - +0 dagger (speed)
rCold  . . .     Clarity  .     a - +0 robe
rNeg   . . .     SustAb   .     (shield restricted)
rPois  .         Gourm    .     (helmet restricted)
rElec  .         Spirit   .     (no cloak)
rCorr  .         Warding  .     (gloves unavailable)
rMut   .         Stasis   .     (boots unavailable)
MR     .....                    (no amulet)
Stlth  +++.......               (no ring)
                                (no ring)

@: very quick, not resistant to hostile enchantments, fairly stealthy
A: unfitting armour, see invisible, herbivore 3, speed 3, slow metabolism 2
a: no special abilities


You were on level 2 of the Dungeon.
You were not hungry.

You visited 1 branch of the dungeon, and saw 2 of its levels.

You collected 94 gold pieces.

Inventory:

Hand weapons
 f - a +1 spear of flaming
   (You found it on level 1 of the Dungeon)
 i - a +0 dagger of speed (weapon)
   (You took it off a kobold on level 2 of the Dungeon)
Missiles
 g - 7 needles of confusion
Armour
 a - a +0 robe (worn)
Jewellery
 d - an uncursed amulet of stasis {Stasis, !d}
   (You found it on level 1 of the Dungeon)
Scrolls
 j - a scroll of blinking {unknown}
 k - a scroll of fear {unknown}
Potions
 e - 2 potions of curing {unknown}
 h - a potion of might {unknown}
Books
 b - a book of Conjurations
Comestibles
 c - a bread ration {@e1}


   Skills:
 - Level 3.0 Dodging
 - Level 3.0 Stealth
 - Level 2.6 Spellcasting
 + Level 3.8 Conjurations


You had 6 spell levels left.
You knew the following spells:

 Your Spells              Type           Power        Failure   Level  Hunger
a - Magic Dart            Conj           ###.         3%          1    #......


Dungeon Overview and Level Annotations

Branches:
Dungeon (2/15)

Altars:
The Shining One

Annotations:
D:2 Ijyb


Innate Abilities, Weirdness & Mutations

You are tiny and cannot use many weapons and most armour.
You have supernaturally acute eyesight.
You are a herbivore.
You cover ground extremely quickly.
You need consume almost no food.


Message History

The magic dart hits the giant gecko.
You now have 2/6 mp.
Aim: a giant gecko (moderately wounded, clinging)
The magic dart hits the giant gecko.
You now have 1/6 mp.
Aim: a giant gecko (severely wounded, clinging)
The magic dart hits the giant gecko.
You kill the giant gecko!
You now have 0/6 mp.
Okay, then.
The giant cockroach is too close now for your liking.
You start resting.
MP restored: 6 The giant cockroach is too close now for your liking.
Aim: a giant cockroach (clinging, resting)
The magic dart hits the giant cockroach.
You now have 5/6 mp.
Aim: a giant cockroach (moderately wounded, clinging)
The magic dart hits the giant cockroach.
You kill the giant cockroach!
You now have 4/6 mp.
You see here a giant cockroach corpse.
A hobgoblin comes into view. It is wielding a club.
You see here a scroll labeled OPTALA CICVIST.
Aim: a hobgoblin, wielding a club (resting)
The magic dart hits the hobgoblin.
The hobgoblin shouts!
You now have 3/6 mp.
Aim: a hobgoblin, wielding a club (severely wounded)
The magic dart hits the hobgoblin.
You kill the hobgoblin!
You have reached level 3!
Your experience leads to an increase in your attributes!
Increase (S)trength, (I)ntelligence, or (D)exterity?
You feel clever.
Health restored: 16 You now have 2/8 mp.
k - a scroll labeled OPTALA CICVIST You see here a giant cockroach corpse.
You butcher the giant cockroach corpse.
You see here 2 chunks of flesh {@w0}.
You now have 94 gold pieces (gained 13).
Ijyb the Twisted Goblin comes into view.
He is wielding a club.
Ijyb moves out of view.
You see here 2 chunks of flesh {@w0}.
You start resting.
MP restored: 8 You see here 2 chunks of flesh {@w0}.
A quokka comes into view.
Aim: a quokka (resting)
The magic dart hits the quokka.
You now have 7/8 mp.
Aim: a quokka (heavily wounded)
The magic dart hits the quokka.
You kill the quokka!
You now have 6/8 mp.
You start resting.
MP restored: 8 An adder comes into view.
Aim: an adder (resting)
The magic dart hits the adder.
You now have 7/8 mp.
Aim: an adder (moderately wounded)
The magic dart hits the adder.
You now have 6/8 mp.
Aim: an adder (almost dead)
The magic dart hits the adder.
You kill the adder!
You now have 5/8 mp.
You start resting.
Aim: Ijyb, wielding a club and wearing a chain mail (hasn't noticed you)
The magic dart hits Ijyb.
Ijyb shouts!
You now have 5/8 mp.
Found a stone staircase leading down.
Aim: Ijyb, wielding a club and wearing a chain mail The magic dart hits Ijyb.
Ijyb zaps a wand.
The puff of frost misses you.
It is a wand of frost.
You now have 5/8 mp.
Aim: Ijyb, wielding a club, wearing a chain mail and carrying a wand of frost {zapped: 1} The magic dart hits Ijyb.
A giant newt comes into view.
You now have 4/8 mp.
Aim: Ijyb, wielding a club, wearing a chain mail and carrying a wand of frost {zapped: 1} (lightly wounded)
The magic dart hits Ijyb.
Ijyb zaps a wand.
The puff of frost misses you.
You now have 3/8 mp.
Aim: Ijyb, wielding a club, wearing a chain mail and carrying a wand of frost {zapped: 2} (lightly wounded)
The magic dart hits Ijyb.
Ijyb zaps a wand.
The puff of frost hits you!
Ouch! That really hurt!
You take 10 damage, and have 6/16 hp.
MASSIVE DAMAGE!!
You now have 2/8 mp.
Ijyb zaps a wand.
The puff of frost hits you!
You die...

#. #.. #### .† ##..# ##..
########...# #.. ..
..#.......<####.#####.....
#.'.####†#......#...).#
†.### #..#.###..@.####....
### ###.##.###.##....gl...
#####...##.#.%.##.##......
..#...####.#.###..# ....
#...######.#.# #.## .>
#..#####.....# #.
.........#.### #.#
........##.####..#
....(##.....#...#


You could see Ijyb and a giant newt.

Vanquished Creatures
  An adder (D:2)
  3 bats (D:1)
  A giant cockroach (D:2)
  2 goblins (D:1)
  3 hobgoblins
  6 kobolds
  A quokka (D:2)
  A ball python (D:2)
  3 giant geckos
  A giant newt (D:1)
  7 rats
29 creatures vanquished.

Notes
Turn   | Place    | Note
--------------------------------------------------------------
     0 | D:1      | esc, the Spriggan Conjurer, began the quest for the Orb.
     0 | D:1      | Reached XP level 1. HP: 9/9 MP: 5/5
    41 | D:1      | Reached skill level 3 in Conjurations
   240 | D:1      | Reached XP level 2. HP: 13/13 MP: 4/6
   859 | D:2      | Found a glowing golden altar of the Shining One.
  1036 | D:2      | Reached XP level 3. HP: 16/16 MP: 2/8
  1042 | D:2      | Noticed Ijyb
  1140 | D:2      | Killed from afar by Ijyb

Action                   || total
-------------------------++-------
Melee: Unarmed           ||     3
       Spear             ||     2
 Cast: Magic Dart        ||    55

Vault maps used:
D:1:      elethiomel_arrival_quiet
D:2:      nicolae_tso_swordbearing_angel, uniq_iyjb

Table legend:
 A = Turns spent in this place as a percentage of turns spent in the entire game.
 B = Non-inter-level travel turns spent in this place as a percentage of non-inter-level travel turns spent in the entire game.
 C = Inter-level travel turns spent in this place as a percentage of turns spent in this place.
 D = Turns resting spent in this place as a percentage of non-inter-level travel turns spent in this place.
 E = Turns spent auto-exploring this place as a percentage of non-inter-level travel turns spent in this place.
 F = Non-inter-level travel turns spent in this place divided by the number of levels of this place that you've seen.
                   A       B       C       D       E      F
               +-------+-------+-------+-------+-------+----------------------
         Total | 100.0 | 100.0 |   0.5 |  11.8 |  22.6 |  93.0
       Dungeon | 100.0 | 100.0 |   0.5 |  11.8 |  22.6 |  93.0
               +-------+-------+-------+-------+-------+----------------------

Table legend:
 A = Kills in this place as a percentage of kills in entire the game.
 B = Kills by you in this place as a percentage of kills by you in the entire game.
 C = Kills by friends in this place as a percentage of kills by friends in the entire game.
 D = Other kills in this place as a percentage of other kills in the entire game.
 E = Experience gained in this place as a percentage of experience gained in the entire game.
 F = Experience gained in this place divided by the number of levels of this place that you have seen.
                   A       B       C       D       E      F
               +-------+-------+-------+-------+-------+----------------------
         Total | 100.0 | 100.0 |  -nan |  -nan | 100.0 |  28.0
       Dungeon | 100.0 | 100.0 |  -nan |  -nan | 100.0 |  28.0
               +-------+-------+-------+-------+-------+----------------------
